 Dungeon Crawl Stone Soup version 0.30-a0-137-gd8773701ce (webtiles) character file.

Game seed: 9144304449812136508

266 ytrimaz the Trooper (level 6, -1/78 HPs)
             Began as a Demonspawn Gladiator on Sept 22, 2022.
             Slain by an orc
             ... wielding a +0 hand axe
              (3 damage)
             ... on level 4 of the Dungeon.
             The game lasted 00:02:56 (3080 turns).

ytrimaz the Trooper (Demonspawn Gladiator)          Turns: 3080, Time: 00:02:57

Health: -1/78      AC: 23    Str: 16    XL:     6   Next: 0%
Magic:  6/6        EV:  2    Int: 10    God:
Gold:   168        SH:  0    Dex: 14    Spells: 5/5 levels left

rFire   + . .      SeeInvis .    q - +0 hand axe
rCold   + . .      Faith    .    (no shield)
rNeg    . . .      Spirit   .    (body armour currently unavailable)
rPois   +          Reflect  .    (helmet currently unavailable)
rElec   +          Harm     .    (cloak currently unavailable)
rCorr   +          Rampage  .    (gloves currently unavailable)
Will    .....      NoTele   +    (boots currently unavailable)
Stlth   +.........               (no amulet)
HPRegen 0.23/turn                (no ring)
MPRegen 0.10/turn                (no ring)

@: tree-form, resistant, studying Shields
A: stationary, stasis, torment immunity, boosted hp, (spiny 1), (demonic touch
1)
a: no special abilities


You were on level 4 of the Dungeon.
You were a tree.
You visited 1 branch of the dungeon, and saw 4 of its levels.

You collected 168 gold pieces.


Innate Abilities, Weirdness & Mutations

You are a tree.
Your roots penetrate the ground, keeping you stationary.
You cannot be teleported.
You are immune to unholy pain and torment.
Your maximum health is greatly increased.
Your equipment is partially melded.
((You are partially covered in sharp spines.))
((Your touch may inflict minor irresistible damage on your foes.))


   Skills:
 * Level 5.8 Fighting
 - Level 3.4 Axes
 - Level 1.7 Throwing
 - Level 2.6 Dodging


You had 5 spell levels left.
You didn't know any spells.
Your spell library contained the following spells:

 Spells                   Type           Power      Damage    Failure   Level
 Magic Dart               Conj           0%         1d3       36%         1
 Call Imp                 Summ           0%         N/A       50%         2
 Mephitic Cloud           Conj/Pois/Air  0%         N/A       75%         3

Inventory:

Hand Weapons
 q - a +0 hand axe (weapon)
   (You found it on level 3 of the Dungeon)
Missiles
 d - 3 throwing nets (quivered)
 e - a javelin
 h - 5 boomerangs of dispersal
Armour
 b - a +0 leather armour (melded)
 c - a +0 helmet (melded)
Scrolls
 l - a scroll of butterflies
Potions
 f - a potion of cancellation
 g - a potion of magic
 i - 2 potions of lignification
 j - a potion of flight

Dungeon Overview and Level Annotations

Branches:
Dungeon (4/15) Zot: 20869
 Temple: D:4-7

Altars:
Gozag

Shops:
D:2

* #. .. #.
#### #. .$.#
#. ##..# #.
...#
#S#####..#
#.lā™£h....#
#....o#####.#
#####.#####.#
........##
###.......#
.......<.##
#####..o..####
.............#
..........##.#


You could see an iguana (ally target), an orc, a friendly hound (summoned) and a
friendly ball python (summoned).


Message History

You take 6 damage, and now have 7/66 hp.
You slash the orc priest! You hit the orc.
You kill the orc!
You hit something but do no damage.
The orc priest hits you but does no damage.
Something hits you but does no damage.
An iguana comes into view.
Unknown command.
Unknown command.
It was a potion of magic.
Magic courses through your body.
The orc priest hits you but does no damage.
Something hits you but does no damage. The orc barely misses you. šŸ˜± HP[+1]
Okay, then.
As you read the scroll of summoning, it crumbles to dust.
Wisps of shadow whirl around you...
The orc priest hits you but does no damage.
The iguana bites your endoplasm!
Your endoplasm dies!
Your endoplasm dissolves into shadows!
Something hits you but does no damage. The orc hits you but does no damage.
The orc closely misses your giant cockroach.
Unknown command.
Unknown command.
You hit the orc priest but do no damage.
You hit the orc. You miss something. The orc hits you but does no damage.
The orc hits your giant cockroach with a +0 hand axe.
Something hits you but does no damage.
The orc priest hits you but does no damage.
Your hound barely misses something.
Your ball python bites the orc priest.
Your ball python misses the orc priest.
The orc hits you but does no damage.
The orc completely misses your giant cockroach.
The orc priest hits you but does no damage.
Something hits you but does no damage.
Unknown command.
You slash the orc priest!
You kill the orc priest!
You hit something but do no damage. You closely miss the orc.
Your hound bites something.
Your ball python bites the iguana but does no damage.
Your ball python barely misses the iguana.
Your giant cockroach barely misses the iguana.
Your hound barely misses something.
The orc hits you but does no damage.
The orc hits your giant cockroach but does no damage.
Something hits you but does no damage. šŸ˜± HP[+1]
You now have 69 max hp (+3).
Unknown command.
Unknown command.
You hit the orc. You closely miss something.
You hit the iguana but do no damage.
Your hound barely misses something.
Your ball python bites the iguana but does no damage.
Your ball python grabs the iguana.
Your ball python constricts the iguana.
Your giant cockroach bites the iguana but does no damage.
Something hits you but does no damage. The iguana completely misses you.
The orc hits you but does no damage.
The orc hits your giant cockroach but does no damage.
Your hound closely misses something.
Your giant cockroach bites the iguana but does no damage.
Your ball python bites the iguana.
Your ball python constricts the iguana.
Unknown command.
You hit the orc but do no damage. You hit the iguana but do no damage.
You completely miss something.
An orc wizard appears from thin air!
Reactivating autopickup.
Your hound barely misses the orc wizard.
Your ball python bites the iguana.
Your ball python constricts the iguana.
Your giant cockroach bites the iguana but does no damage.
The iguana bites you.
* * * LOW HITPOINT WARNING * * *
The orc wizard hits you but does no damage.
The orc hits you but does no damage.
The orc hits your giant cockroach with a +0 hand axe. šŸ˜± HP[-5]
You take 5 damage, and now have 4/69 hp.
Unknown command.
Unknown command.
You slash the orc wizard!
You kill the orc wizard!
You barely miss the orc. You hit the iguana but do no damage.
Your ball python bites the iguana but does no damage.
Your ball python constricts the iguana.
Your giant cockroach bites the iguana but does no damage.
The orc hits you with a +0 hand axe.
* * * LOW HITPOINT WARNING * * *
The orc hits your giant cockroach with a +0 hand axe.
Your giant cockroach dies!
Your giant cockroach's corpse dissolves into shadows!
The iguana bites you but does no damage.
You have reached level 6!
Your demonic ancestry asserts itself...
Sharp spines emerge from parts of your body. šŸ˜± HP[-2] MP[+1]
You now have 78 max hp (+9).
Your mp is fully restored (6).
Unknown command.
You hit the iguana but do no damage. You closely miss the orc.
Your ball python bites the iguana but does no damage.
Your ball python constricts the iguana.
The iguana bites you but does no damage.
The orc hits you with a +0 hand axe.
You die...

Skill      XL: |  1  2  3  4  5 |
---------------+----------------+-----
Axes           | 3 |  3.4
Fighting       | 3 4 5 |  5.8
Throwing       | |  1.7
Dodging        | |  2.6

Action                   |  1- 3 |  4- 6 || total
-------------------------+-------+-------++-------
Melee: War axe           |    74 |    66 ||   140
       Touch             |    11 |     6 ||    17
       Punch             |       |     3 ||     3
       Hand axe          |       |    27 ||    27
  Use: Scroll            |     4 |     6 ||    10
       Potion            |       |     5 ||     5
 Stab: Sleeping          |       |     2 ||     2
Armor: Leather armour    |    34 |    30 ||    64
       Skin              |       |    30 ||    30
Dodge: Dodged            |    62 |    61 ||   123

Levels and vault maps discovered:
D:1:      lemuel_arrival_tunnels, layout_basic,
          hellmonk_ecumenical_altar_prayer_group, minmay_tetromino_l2
D:2:      layout_basic, serial_shops, shop, nrook_campfire,
          minmay_tiny_reverse_x
D:3:      layout_basic, lemuel_doored_altar
D:4:      layout_basic, mainiacjoe_overflow_boulevard, lemuel_crystal_altar,
          mainiacjoe_overflow_cross_hatched, serial_bayou_pond_a, minivault_4

Notes
Turn   | Place    | Note
-------+----------+-------------------------------------------
     0 | D:1      | ytrimaz the Demonspawn Gladiator began the quest for the
                  | Orb.
     0 | D:1      | Reached XP level 1. HP: 16/16 MP: 1/1
     0 | D:1      | magus.rc [v1.9.6]
   146 | D:1      | Gained mutation: Your touch may inflict minor irresistible
                  | damage on your foes. [demonic ancestry]
   146 | D:1      | Reached XP level 2. HP: 23/23 MP: 2/2
   181 | D:1      | You pick up a book of Minor Magic and begin reading...
   181 | D:1      | You add the spells Magic Dart, Call Imp and Mephitic Cloud
                  | to your library.
   197 | D:1      | Reached skill level 3 in Axes
   201 | D:1      | Reached skill level 3 in Fighting
   207 | D:1      | Reached XP level 3. HP: 20/29 MP: 3/3
   691 | D:1      | Found a faded altar of an unknown god.
   935 | D:2      | Reached XP level 4. HP: 21/37 MP: 4/4
  1265 | D:2      | Reached skill level 4 in Fighting
  1304 | D:2      | Found Toifill's General Store.
  2027 | D:3      | Noticed a scorpion
  2038 | D:3      | Killed a scorpion
  2039 | D:3      | Reached XP level 5. HP: 13/43 MP: 5/5
  2040 | D:3      | HP: 10/43 [poisoned by a scorpion]
  2375 | D:3      | Reached skill level 5 in Fighting
  2679 | D:3      | Found an opulent altar of Gozag.
  3063 | D:4      | HP: 11/44 [something (1)]
  3070 | D:4      | HP: 15/66 [orc priest/divine providence (10)]
  3071 | D:4      | HP: 7/66 [orc priest/+0 dagger (2)]
  3078 | D:4      | HP: 4/69 [iguana (5)]
  3079 | D:4      | HP: 1/69 [orc/+0 hand axe (3)]
  3080 | D:4      | Gained mutation: You are partially covered in sharp spines.
                  | [demonic ancestry]
  3080 | D:4      | Reached XP level 6. HP: 2/52 MP: 6/6
  3080 | D:4      | Slain by an orc

Vanquished Creatures
  A scorpion (D:3)
  An orc priest (D:4)
  2 orc wizards (D:4)
  4 adders
  A worm (D:3)
  4 dart slugs
  2 orcs
  2 ball pythons (D:1)
  6 endoplasms
  A giant cockroach (D:1)
  7 goblins
  8 hobgoblins
  15 jackals
  8 bats
  A frilled lizard (D:1)
  6 kobolds
  6 rats
75 creatures vanquished.

Vanquished Creatures (others)
  A plant (D:4)
1 creature vanquished.

Grand Total: 76 creatures vanquished

Table legend:
 A = Non-vault XP
 B = Vault XP
 C = Vault XP percentage of total XP
 D = Non-vault monster count
 E = Vault monster count
 F = Vault count percentage of total count
                 A         B        C        D         E       F
            +---------+---------+-------+---------+---------+-------
      Total |     374 |       7 |   1.8 |      71 |       4 |   5.3
            +---------+---------+-------+---------+---------+-------
        D:1 |      75 |       4 |   5.1 |      39 |       2 |   4.9
        D:2 |      67 |       3 |   4.3 |      17 |       2 |  10.5
        D:3 |     105 |       0 |   0.0 |      10 |       0 |   0.0
        D:4 |     127 |       0 |   0.0 |       5 |       0 |   0.0
            +---------+---------+-------+---------+---------+-------

Illustrated notes

Table legend:
 A = Kills in this place as a percentage of kills in entire the game.
 B = Kills by you in this place as a percentage of kills by you in the entire game.
 C = Kills by friends in this place as a percentage of kills by friends in the entire game.
 D = Other kills in this place as a percentage of other kills in the entire game.
 E = Experience gained in this place as a percentage of experience gained in the entire game.
 F = Experience gained in this place divided by the number of levels of this place that you have seen.
                   A       B       C       D       E      F
               +-------+-------+-------+-------+-------+----------------------
         Total | 100.0 | 100.0 |   N/A |   N/A | 100.0 |  95.2
       Dungeon | 100.0 | 100.0 |   N/A |   N/A | 100.0 |  95.2
               +-------+-------+-------+-------+-------+----------------------

Table legend: (Time is in decaauts)
 A = Elapsed time spent in this place.
 B = Non-inter-level travel time spent in this place.
 C = Inter-level travel time spent in this place.
 D = Time resting spent in this place.
 E = Time spent auto-exploring this place.
 F = Levels seen in this place.
 G = Mean time per level.
                   A        B        C        D        E       F      G
               +--------+--------+--------+--------+--------+-----+--------+
         Total |   3129 |   3058 |     71 |     34 |   2531 |   4 |  782.2 |
       Dungeon |   3129 |   3058 |     71 |     34 |   2531 |   4 |  782.2 |
               +--------+--------+--------+--------+--------+-----+--------+

Top non-repeatable levels by time:
     D:2: 1124 daAuts
     D:3: 1013 daAuts
     D:1: 928 daAuts
     D:4: 62 daAuts
